 Dungeon Crawl Stone Soup version 0.32-a0-22-g6ae6769602 (webtiles) character file.

Game seed: 15798904343536214279

324 PriceMaster the Magician (level 6, -14/37 HPs)
             Began as an Octopode Hedge Wizard on Jan 19, 2024.
             Demolished by a gnoll
             ... wielding a +0 halberd
             ... led by a gnoll sergeant
              (17 damage)
             ... on level 5 of the Dungeon.
             The game lasted 00:07:54 (3069 turns).

PriceMaster the Magician (Octopode Hedge Wizard)    Turns: 3069, Time: 00:07:54

Health: -14/37     AC:  1    Str: 17    XL:     6   Next: 48%
Magic:  0/4        EV: 14    Int: 20    God:
Gold:   219        SH:  0    Dex: 16    Spells: 12/14 levels left

rFire   . . .        f - +7 dagger "Soise" {antimagic, rCorr Int+3 Dex+5 SInv}
rCold   + . .        (no shield)
rNeg    + . .        b - +0 hat
rPois   .            e - amulet of guardian spirit
rElec   .            l - ring of Soroos {rC+ rN+ Str+5 Int-5}
rCorr   +            t - +6 ring of intelligence
SInv    +            (no ring)
Will    .....        (no ring)
Stlth   ++++         (no ring)
HPRegen 0.26/turn    (no ring)
MPRegen 0.09/turn    (no ring)
                     (no ring)

%: guardian spirit
@: no status effects
A: almost no armour, amphibious, 8 rings, camouflage 1, gelatinous body 1,
(nimble swimmer 1), tentacles
a: no special abilities


You were on level 5 of the Dungeon.
You visited 1 branch of the dungeon, and saw 5 of its levels.

You collected 219 gold pieces.

Inventory:

Hand Weapons
 a - a +0 dagger
 f - the +7 dagger "Soise" (weapon) {antimagic, rCorr Int+3 Dex+5 SInv}
   (You found it on level 2 of the Dungeon)

   Int+3:     It affects your intelligence (+3).
   Dex+5:     It affects your dexterity (+5).
   SInv:      It lets you see invisible.
   rCorr:     It protects you from acid and corrosion.
 h - a +2 quarterstaff of draining
Armour
 b - a +0 hat (worn)
Jewellery
 e - an amulet of guardian spirit (around mantle)
 l - the ring of Soroos (left tentacle) {rC+ rN+ Str+5 Int-5}
   (You found it on level 2 of the Dungeon)

   [ring of positive energy]

   Str+5:     It affects your strength (+5).
   Int-5:     It affects your intelligence (-5).
   rC+:       It protects you from cold.
   rN+:       It protects you from negative energy.
 t - a +6 ring of intelligence (right tentacle)
Talismans
 r - a blade talisman
Wands
 i - a wand of flame (25)
 z - a wand of roots (7)
Scrolls
 c - a scroll of identify {unknown}
 d - a scroll of enchant weapon {unknown}
 g - a scroll of teleportation
 m - a scroll of acquirement {unknown}
 n - 3 scrolls of revelation {unknown}
 p - 2 scrolls of fear {unknown}
 q - a scroll of noise {unknown}
 s - a scroll of blinking {unknown}
 v - a scroll of fog {unknown}
 x - a scroll of poison {unknown}
 y - a scroll of amnesia {unknown}
 A - a scroll of enchant armour {unknown}
Potions
 j - 2 potions of resistance {unknown}
 k - a potion of curing
 o - a potion of invisibility {unknown}
 w - a potion of haste {unknown}


   Skills:
 + Level 0.7 Fighting
 * Level 2.3 Short Blades
 + Level 2.9 Dodging
 + Level 4.2 Stealth
 + Level 4.5 Spellcasting
 + Level 2.0 Conjurations
 + Level 1.1 Hexes
 + Level 1.2 Summonings
 + Level 1.0 Translocations


You had 12 spell levels left.
You knew the following spells:

 Your Spells              Type           Power      Damage    Failure   Level
a - Magic Dart            Conj           48%        1d5       5%          1
b - Slow                  Hex            36%        N/A       8%          1

Your spell library contained the following spells:

 Spells                   Type           Power      Damage    Failure   Level
 Call Imp                 Summ           18%        N/A       11%         2
 Blink                    Tloc           16%        N/A       12%         2
 Ensorcelled Hibernation  Hex/Ice        12%        N/A       14%         2
 Cigotuvi's Dreadful Rot  Necr/Alch/Air  8%         N/A       19%         2
 Mephitic Cloud           Conj/Alch/Air  7%         N/A       26%         3
 Passwall                 Erth           4%         N/A       36%         3
 Swiftness                Air            4%         N/A       36%         3


Dungeon Overview and Level Annotations

Branches:
Dungeon (5/15)             Temple (0/1) D:4

Altars:
Cheibriados

Shops:
D:1 =


Innate Abilities, Weirdness & Mutations

You cannot wear most types of armour.
You are amphibious.
You can wear up to eight rings at the same time.
Your skin changes colour to match your surroundings (Stealth+).
Your rubbery body absorbs attacks. (AC +1, EV +1)
((You are camouflaged when in or above water. (Stealth+)))
You have tentacles for arms and can constrict up to eight enemies at once.


Message History

The gnoll is severely wounded.
You constrict the gnoll, but do no damage.
The gnoll barely misses you. The gnoll sergeant barely misses you.
You puncture the gnoll!
You kill the gnoll!
The gnoll sergeant misses you.
You hit the gnoll. You grab the gnoll.
The gnoll is moderately wounded.
You constrict the gnoll. The gnoll closely misses you.
The gnoll sergeant completely misses you.
You hit the gnoll but do no damage.
The gnoll is moderately wounded.
You constrict the gnoll. You puncture the gnoll!
You kill the gnoll!
The gnoll sergeant closely misses you.
Aiming: Magic Dart (safe; 5% risk of failure)
Press: ? - help, Q - select action, (/) - cycle Shift-Dir - straight line, f - gnoll
Aim: a gnoll, wielding a +0 halberd (100% to hit)
The magic dart hits the gnoll but does no damage.
The gnoll barely misses you. The gnoll attacks as it pursues you!
The gnoll hits you from afar with a +0 halberd!
Aiming: Magic Dart (safe; 5% risk of failure)
Press: ? - help, Q - select action, (/) - cycle Shift-Dir - straight line, f/p - gnoll
Aim: a gnoll, wielding a +0 halberd (100% to hit)
The magic dart hits the gnoll.
The gnoll is lightly wounded.
The gnoll barely misses you.
You feel much better.
The gnoll sergeant hits you from afar with a +0 trident!
The gnoll closely misses you.
The gnoll sergeant hits you with a +0 trident!
The gnoll barely misses you.
You closely miss the gnoll sergeant. Your grab misses the gnoll sergeant.
You squeeze the gnoll sergeant, but do no damage.
The gnoll sergeant hits you with a +0 trident!
* * * LOW HITPOINT WARNING * * *
The gnoll hits you with a +0 halberd!
You die...

... ##.##### .
.. ...#..
.##.##....
...#....# #..
#...###.# #..
#.#)....#
#..##g<#.....#
##.#@g##....#g.
#...).# ....#
#.....# ....#
#..###.# ......
#.. ..........#
... #.#.###.#..
...# ###..#
#.## ..# ## #..


You could see a gnoll sergeant and a gnoll.

Vanquished Creatures
  2 hounds
  An iguana (D:4)
  Jessica (D:2)
  Natasha (thrice) (D:2)
  4 gnolls (D:5)
  4 adders
  A dart slug (D:1)
  A ribbon worm (D:2)
  5 orcs
  9 endoplasms
  4 giant cockroaches
  6 goblins
  2 hobgoblins
  3 quokkas
  5 ball pythons
  A bat (D:2)
  4 kobolds
  4 rats
60 creatures vanquished.

Notes
Turn   | Place    | Note
-------+----------+-------------------------------------------
     0 | D:1      | PriceMaster the Octopode Hedge Wizard began the quest for
                  | the Orb.
     0 | D:1      | Reached XP level 1. HP: 11/11 MP: 4/4
   192 | D:1      | Learned a level 1 spell: Slow
   269 | D:1      | Reached XP level 2. HP: 17/17 MP: 3/6
   613 | D:1      | Found Onymno Oloa's One-of-a-Kind Rings.
   880 | D:2      | Reached XP level 3. HP: 21/21 MP: 1/8
   953 | D:2      | Identified the +7 dagger "Soise" {antimagic, rCorr Int+3
                  | Dex+5 SInv}
  1009 | D:2      | Noticed Natasha
  1017 | D:2      | Killed Natasha
  1018 | D:2      | Reached XP level 4. HP: 20/27 MP: 1/10
  1197 | D:2      | Noticed Natasha
  1205 | D:2      | Killed Natasha
  1303 | D:2      | Reached XP level 5. HP: 31/31 MP: 3/11
  1307 | D:2      | Noticed Natasha
  1310 | D:2      | Noticed Jessica
  1316 | D:2      | Killed Natasha
  1320 | D:2      | Killed Jessica
  1321 | D:2      | Reached skill level 1 in Short Blades
  1420 | D:2      | Identified the ring of Soroos {rC+ rN+ Str+5 Int-5}
  1533 | D:2      | Reached skill level 1 in Hexes
  2352 | D:4      | Reached XP level 6. HP: 28/37 MP: 4/12
  2775 | D:4      | Found a snail-covered altar of Cheibriados.
  2839 | D:4      | Found a staircase to the Ecumenical Temple.
  3030 | D:5      | Entered Level 5 of the Dungeon
  3069 | D:5      | Demolished by a gnoll

Illustrated notes

Levels and vault maps discovered:
D:1:      minmay_arrival_three_doors, layout_rooms, nicolae_shop_unique_rings
D:2:      layout_basic, grunt_decor_fettered, uniq_natasha, uniq_jessica
D:3:      layout_loops_corners
D:4:      layout_rooms, chei_slow_surprise, minmay_temple_entry_poolview,
          minmay_crossroads
D:5:      layout_cave_pools, gup_sewer_entry_bubbles, minivault_27,
          uniq_crazy_yiuf_cottage

Skill      XL: |  1  2  3  4  5  6 |
---------------+-------------------+-----
Stealth        | 3 4 |  4.2
Spellcasting   | 4 |  4.5
Short Blades   | 1 2 |  2.3
Hexes          | 1 |  1.1
Conjurations   | 2 |  2.0
Fighting       | |  0.7
Dodging        | |  2.9
Summonings     | |  1.2
Translocations | |  1.0

Action                     |  1- 3 |  4- 6 || total
---------------------------+-------+-------++-------
  Melee: Dagger            |    46 |    69 ||   115
         Constrict         |    12 |    14 ||    26
         Tentacles         |     5 |    11 ||    16
   Cast: Magic Dart        |    44 |    14 ||    58
         Slow              |    10 |     1 ||    11
    Use: Potion            |     3 |     2 ||     5
         Scroll            |       |     1 ||     1
   Stab: Sleeping          |     1 |     9 ||    10
         Distracted        |       |     1 ||     1
 Armour: Skin              |    24 |    27 ||    51
  Dodge: Dodged            |    40 |    42 ||    82

Table legend: (Time is in decaauts)
 A = Elapsed time spent in this place.
 B = Non-inter-level travel time spent in this place.
 C = Inter-level travel time spent in this place.
 D = Time resting spent in this place.
 E = Time spent auto-exploring this place.
 F = Levels seen in this place.
 G = Mean time per level.
                   A        B        C        D        E       F      G
               +--------+--------+--------+--------+--------+-----+--------+
         Total |   3067 |   2964 |    103 |    164 |   2285 |   5 |  613.4 |
       Dungeon |   3067 |   2964 |    103 |    164 |   2285 |   5 |  613.4 |
               +--------+--------+--------+--------+--------+-----+--------+

Top non-repeatable levels by time:
     D:1: 828 daAuts
     D:2: 818 daAuts
     D:3: 693 daAuts
     D:4: 690 daAuts
     D:5: 37 daAuts
